[Event "SVK ECo-C Extraliga 2021-22"]
[Site "Slovakia"]
[Date "2022.06.10"]
[Round "9.3"]
[White "Leniart, Arkadiusz"]
[Black "Hrabusa, Matej"]
[Result "1-0"]
[ECO "C03"]
[WhiteElo "2476"]
[BlackElo "2356"]
[Annotator "TA"]
[PlyCount "87"]
[EventDate "2021.10.21"]
[EventType "team-tourn"]
[EventCountry "SVK"]
[SourceTitle "playchess.com"]
[Source "ChessBase"]
[SourceQuality "1"]
[TimeControl "40/5400+30:1800+30"]

1. e4 e6 2. d4 d5 3. Nd2 Be7 4. Ngf3 Nf6 5. Bd3 c5 6. dxc5 dxe4 7. Nxe4 Nxe4 8. Bxe4 Qxd1+ 9. Kxd1 Bxc5 10. Ke2 Nd7 {[%emt 0:04:43] C03: French Tarrasch: Unusual Black 3rd moves.} 11. Rd1 Nf6 12. Bd3 Ke7 {[%emt 0:05:39] The position is equal.} 13. a3 a5 {[%emt 0:02:58] [#]} (13... b6 {is interesting.} 14. Bf4 Rd8 15. c4 Bb7) 14. Ne5 $146 ({Predecessor:} 14. Bd2 a4 15. Ne5 Nd7 16. Nxd7 Bxd7 17. Bc3 Bc6 18. b4 axb3 19. cxb3 Bd5 20. b4 {½-½ (28) Lee,Q (2272)-Orosz,A (2356) Kecskemet 2016}) 14... Nd7 15. Nc4 b6 16. Bg5+ f6 17. Bd2 Ba6 18. b4 Bd4 19. c3 $36 {[%mdl 2048] White has good play.} Rhc8 20. cxd4 Bxc4 21. Bxc4 Rxc4 22. Kd3 Rc7 23. Rdc1 Rxc1 24. Rxc1 axb4 {[%emt 0:02:05] Black cannot hold the game after this.} (24... Kd6 $14) 25. Bxb4+ $11 {[%emt 0:00:24][%mdl 4096] Endgame KRB-KRN} Kd8 26. Rc6 e5 {[%emt 0:05:15] [#]} 27. d5 $1 b5 (27... Rb8 $142 28. Kc4 b5+ 29. Kd3 Rb7) 28. Ke4 $18 g6 29. g4 {[%emt 0:01:16] Against f5+} Ke8 $2 (29... h5 30. g5 fxg5 31. Rxg6 Kc7 32. Bd6+ Kb7) 30. Re6+ Kd8 31. d6 Ra4 32. Kd5 {[%emt 0:01:23] Inhibits Nc5.} e4 33. Re7 f5 34. Ke6 Ra7 35. gxf5 gxf5 36. Kxf5 Ra6 37. Rxh7 Kc8 38. Rf7 {[%emt 0:00:52] White wants to mate with Ke6.} Rc6 39. Ke6 Nb8 40. h4 e3 41. fxe3 Rc4 42. Rf8+ Kb7 {[%emt 0:00:06] [#]} 43. Rxb8+ $1 Kxb8 44. d7 {[%emt 0:00:07] Weighted Error Value: White=0.04 (flawless) /Black=0.56} 1-0

[Event "SVK ECo-C Extraliga 2021-22"]
[Site "Slovakia"]
[Date "2022.06.10"]
[Round "9.3"]
[White "Bokros, Albert"]
[Black "Malinovsky, Karel"]
[Result "1/2-1/2"]
[ECO "C77"]
[WhiteElo "2447"]
[BlackElo "2473"]
[Annotator "TA"]
[PlyCount "33"]
[EventDate "2021.10.21"]
[EventType "team-tourn"]
[EventCountry "SVK"]
[SourceTitle "playchess.com"]
[Source "ChessBase"]
[SourceQuality "1"]
[TimeControl "40/5400+30:1800+30"]

1. e4 e5 2. Nf3 Nc6 3. Bb5 a6 4. Ba4 Nf6 5. d3 d6 6. c4 g6 7. Nc3 Bg7 8. h3 O-O 9. O-O Nd7 {[%emt 0:03:38] C77: Ruy Lopez: 3...a6 4 Ba4 Nf6, unusual lines.} 10. Bg5 {[%emt 0:00:50] [#] An uneventful encounter.} {Predecessor:} f6 $146 11. Bh4 Nc5 12. Bxc6 bxc6 13. d4 exd4 14. Nxd4 Qe8 15. Re1 Rb8 16. Rb1 a5 17. Bg3 {½-½ (94) Fedoseev,V (2701)-Kovalev,V (2623) Chess.com INT 2022} 1/2-1/2

[Event "SVK ECo-C Extraliga 2021-22"]
[Site "Slovakia"]
[Date "2022.06.10"]
[Round "9.3"]
[White "Mrva, Martin"]
[Black "Dovzik, Juri"]
[Result "1/2-1/2"]
[ECO "A06"]
[WhiteElo "2383"]
[BlackElo "2277"]
[Annotator "TA"]
[PlyCount "105"]
[EventDate "2021.10.21"]
[EventType "team-tourn"]
[EventCountry "SVK"]
[SourceTitle "playchess.com"]
[Source "ChessBase"]
[SourceQuality "1"]
[TimeControl "40/5400+30:1800+30"]

1. Nf3 d5 2. g3 Nf6 3. Bg2 e6 4. O-O Be7 5. d3 O-O 6. Nbd2 b6 7. c4 {[%emt 0:05:48] A07: Réti Opening: New York and Capablanca Systems.} Bb7 8. cxd5 exd5 9. Re1 Nbd7 {[%emt 0:01:52] [#]} 10. a4 $146 ({Predecessor:} 10. e4 dxe4 11. dxe4 Nc5 12. e5 Nd5 13. Nb3 Nb4 14. Nxc5 Bxc5 15. Bg5 Qxd1 16. Rexd1 {0-1 (79) Cipolotti,P (1703)-Cedriano,F (2039) Padova 2005}) 10... a5 11. Nd4 Re8 12. Qc2 c5 13. Nb5 Ne5 14. Nb3 (14. Nf3 $5 Ng6 15. e3 $11) 14... Nc6 15. Bf4 Nb4 16. Qd1 Na6 {[%emt 0:00:15] Against Bc7} 17. Nd2 Nh5 18. Be5 f6 (18... Bf8 $11 19. f4 f6) 19. Bc3 $14 Qd7 (19... g6 $1 $14) 20. e4 $1 $18 {[%emt 0:06:06] Black must now prevent exd5.} g6 21. Qb3 c4 22. dxc4 Nc5 23. Qc2 dxe4 24. Nxe4 Nxe4 (24... Bxe4 $142 25. Bxe4 Nxe4 26. Rxe4 (26. Qxe4 Bc5 $18) 26... Bc5) 25. Bxe4 (25. Rad1 $1 $18 {[%cal Rd1d7] is the precise move to win.} Qc8 26. Bxe4) 25... Bxe4 26. Rxe4 {[%emt 0:00:36] Hoping for Rd1.} f5 27. Re2 Bc5 28. Rd1 Qf7 (28... Qc6 {was necessary.} 29. Nd4 Bxd4) 29. Bd4 (29. Rxe8+ $18 {has better winning chances.} Rxe8 30. Nd6 Bxd6 31. Rxd6) 29... Rxe2 $16 30. Qxe2 Re8 31. Qf3 {[%emt 0:05:49] Strongly threatening Bxc5.} Qxc4 32. Bxc5 Qxc5 33. Nd6 Re7 {[%emt 0:01:02] [#]} 34. Qa8+ (34. Rd5 $1 $16 Qb4 {[#]} 35. Nxf5 $1 gxf5 36. Rd8+ (36. Qxh5 $2 Re1+ 37. Kg2 Qe4+ 38. Kh3 Qxd5 $19) (36. Qxf5 Nf6 $17) 36... Kg7 37. Qxh5) 34... Kg7 $11 35. Qd8 Qe5 (35... Re2 $1 $11 36. Qd7+ (36. Rf1 Nf6 $11) 36... Kh8 37. Nf7+ Kg8 38. Nh6+ Kh8 39. Nf7+ (39. Qd8+ $2 Kg7 $19) 39... Kg8 40. Nh6+ Kh8 41. Nf7+ (41. Qd8+ $2 Kg7 $19)) 36. Nc4 {[%emt 0:00:52] 0x0.001aa04d6054dp-1022s more active pieces.} Qe2 37. Nxb6 ({Much worse is} 37. Ne3 $6 Rxe3 38. Rd7+ (38. fxe3 Qxe3+ 39. Kg2 Qe2+ 40. Kh1 Qf3+ 41. Kg1 Qe3+ 42. Kg2 Qe2+ 43. Kh1 Qf3+ 44. Kg1 Qe3+ $11) 38... Kh6 39. fxe3 Qxe3+ 40. Kh1 (40. Kf1 Qf3+ 41. Kg1 Qe3+ 42. Kh1 Qe1+ 43. Kg2 Qe2+ 44. Kg1 Qe1+ 45. Kg2 Qe2+ 46. Kg1 Qe3+ $11) 40... Qf3+ 41. Kg1 Qe3+ 42. Kh1 (42. Kf1 Qf3+ 43. Kg1 Qe3+ $11) 42... Qf3+ 43. Kg1 Qe3+ $11) 37... Nf6 38. Qd4 ({Better is} 38. Rc1 $16) 38... Re4 $1 {[%emt 0:00:13] The position is equal.} 39. Qd2 Qxd2 40. Rxd2 {[%emt 0:00:05][%mdl 4096] Endgame KRN-KRN} Rb4 41. Nd5 Nxd5 42. Rxd5 Rxa4 {[%emt 0:30:44] KR-KR} 43. Rd7+ Kh6 44. Rb7 Rc4 45. h4 a4 46. Kg2 Rd4 47. f3 Rd2+ 48. Kf1 Rc2 49. g4 fxg4 50. fxg4 g5 51. Rb6+ Kg7 52. hxg5 Rc4 53. Kf2 {[%emt 0:00:00] Black escapes into a draw.  Weighted Error Value: White=0.22 (precise) /Black=0.26 (precise)} 1/2-1/2

[Event "SVK ECo-C Extraliga 2021-22"]
[Site "Slovakia"]
[Date "2022.06.10"]
[Round "9.4"]
[White "Bures, Jaroslav"]
[Black "Borhy, Marcell"]
[Result "1/2-1/2"]
[ECO "E47"]
[WhiteElo "2411"]
[BlackElo "2381"]
[Annotator "TA"]
[PlyCount "37"]
[EventDate "2021.10.21"]
[EventType "team-tourn"]
[EventCountry "SVK"]
[SourceTitle "playchess.com"]
[Source "ChessBase"]
[SourceQuality "1"]
[TimeControl "40/5400+30:1800+30"]

1. d4 {[%emt 0:00:23] Wells,P} Nf6 2. c4 e6 3. Nc3 Bb4 4. e3 O-O 5. Bd3 c5 6. Nge2 d5 7. cxd5 cxd4 8. exd4 Nxd5 9. O-O Nc6 10. Nxd5 Qxd5 11. Be3 Qh5 12. Nf4 Qxd1 13. Rfxd1 Rd8 14. Be4 Bd6 {[%emt 0:01:18] E41: Nimzo-Indian: Rubinstein: 4...c5 5 Bd3, including Hübner Variation.} 15. d5 exd5 {[%emt 0:01:29] [#]} 16. Bxd5 $146 ({Predecessor:} 16. Rxd5 Bg4 17. f3 Bxf4 18. Bxf4 Rxd5 19. Bxd5 Be6 20. Bxe6 fxe6 21. Rd1 Rd8 22. Rxd8+ Nxd8 {1-0 (76) Milov,V (2626)-Macieja,B (2542) Las Vegas 1999 CBM 072 [Wells,P]}) 16... Bg4 17. f3 {[%emt 0:01:04] White has an edge.} Bxf4 18. Bxf4 Be6 19. Bxc6 {Weighted Error Value: White=0.15 (very precise) /Black=0.11 (very precise)} 1/2-1/2

[Event "SVK ECo-C Extraliga 2021-22"]
[Site "Slovakia"]
[Date "2022.06.10"]
[Round "9.4"]
[White "Turcan, Richard"]
[Black "Mikrut, Dariusz"]
[Result "0-1"]
[ECO "B90"]
[WhiteElo "2306"]
[BlackElo "2349"]
[Annotator "TA"]
[PlyCount "138"]
[EventDate "2021.10.21"]
[EventType "team-tourn"]
[EventCountry "SVK"]
[SourceTitle "playchess.com"]
[Source "ChessBase"]
[SourceQuality "1"]
[TimeControl "40/5400+30:1800+30"]

1. e4 c5 2. Nf3 d6 3. d4 cxd4 4. Nxd4 Nf6 5. Nc3 a6 6. h3 e5 7. Nde2 b5 8. g4 b4 9. Nd5 Nxd5 10. exd5 Be7 11. Bg2 Bg5 12. Ng3 O-O 13. O-O a5 14. a3 Na6 (14... Ra6 $11 {is more appropriate.}) 15. axb4 (15. Bxg5 $14 Qxg5 16. axb4) 15... axb4 (15... Bxc1 $11 16. Qxc1 Nxb4) 16. f4 Bxf4 17. Bxf4 exf4 18. Rxf4 Rb8 19. Qd2 b3 20. c3 Nc5 21. Raf1 Rb7 22. Be4 Re7 23. Bb1 Re5 24. Ne4 Nxe4 25. Rxe4 Rfe8 26. Rfe1 (26. Qf4 $1 $11 f6 27. Rxe5 Rxe5 28. Bd3) 26... Qh4 $17 27. Rxe5 Rxe5 28. Rxe5 Qg3+ 29. Qg2 (29. Kf1 $1 $15 {is superior.} dxe5 30. Qd3 Qf4+ 31. Kg2) 29... Qxe5 $17 30. Be4 g6 31. Qf3 Kg7 32. Kg2 Bb7 33. Qd3 h6 (33... h5 $15) 34. Bf3 $11 Qf4 35. Qd1 (35. c4 $11) 35... Ba6 $1 $15 36. Kf2 Bc4 37. Qd4+ Qxd4+ 38. cxd4 Bd3 39. Bd1 Bc2 $1 40. Bf3 f5 41. gxf5 Bxf5 42. h4 Kf6 43. Ke3 $2 (43. Kg3 $17) 43... Bc2 $2 (43... g5 $19 44. hxg5+ Kxg5) 44. Bg4 (44. Kf4 $1 $11) 44... h5 ({Black should play} 44... g5 $1 45. h5 Kf7) 45. Bd7 $2 (45. Be2 $17) 45... g5 46. hxg5+ Kxg5 47. Kf3 Bd1+ $1 48. Kg3 Bg4 $2 (48... h4+ $1 49. Kg2 Be2 50. Bc6 Kg4 51. Bd7+ Kf4 52. Kh3 Kg5 53. Kg2 Bc4 54. Kf3 Bxd5+ 55. Ke3 Bg2 56. Kf2 Be4 57. Ke3 Bf5 58. Ba4 Be6 59. Kf3 Bd5+ 60. Kf2 Kf4 61. Bd7 Ke4 62. Bc8 Kxd4 63. Ke2 Ke4 64. Bd7 Bc4+ 65. Kf2 Kd3 66. Bf5+ Kd2 67. Kf3 Kc1 68. Bh7 Kxb2 69. Kg4 Kc3 70. Kxh4 d5 71. Kh5 d4 72. Kh6 b2 73. Bb1 d3 74. Kg5 d2 75. Bh7 d1=Q 76. Bf5 Qd8+ 77. Kh5 Qf6 78. Kg4 Be2+ 79. Kh3 Qxf5+ 80. Kh2 b1=Q 81. Kg3 Qf3+ 82. Kh4 Qg4#) 49. Ba4 $17 (49. Bxg4 {is a self mate.} hxg4 50. Kg2 Kf4 51. Kh2 Ke4 52. Kg2 Kxd5 53. Kg3 Kxd4 54. Kxg4 Ke4 55. Kg3 Ke3 56. Kh3 Ke2 57. Kg3 d5 58. Kh4 d4 59. Kh5 Ke3 60. Kg6 d3 61. Kg7 Kf4 62. Kh7 d2 63. Kg6 d1=Q 64. Kf7 Kf5 65. Ke7 Qd4 66. Kf8 Qd7 67. Kg8 Kf6 68. Kh8 Qg7#) 49... Bd1 $2 (49... h4+ $17 50. Kh2 Bd1) 50. Bd7 h4+ $1 51. Kg2 {[%emt 0:01:01] [#]} Be2 $1 52. Ba4 Bc4 53. Bc6 Kg4 54. Kh2 Bd3 $2 (54... Kf3 55. Kh3 Ke4 56. Kxh4 Bxd5 57. Bd7 Kxd4 58. Bf5 Ke3 59. Kg5 Kd2 60. Kf4 Kc1 61. Ke3 Kxb2 62. Kd4 Bc6 63. Bh7 Kc1 64. Ke3 b2 65. Bg6 Ba4 66. Bh7 Bc2 67. Bg8 b1=Q 68. Be6 Qb2 69. Bc4 Qc3+ 70. Kf4 Qxc4+ 71. Kg5 Qf1 72. Kh5 Qg2 73. Kh4 Bf5 74. Kh5 Qg6+ 75. Kh4 Qg4#) 55. Kg2 $2 (55. Ba4 $11) 55... Be4+ 56. Kh2 Bf5 $2 (56... Bf3 57. Bb7 Be4 58. Bc6 Bd3 59. Bd7+ Kf4 60. Bh3 Bc4 61. Bg2 Ke3 62. Kg1 Kxd4 63. Kf2 Bxd5 64. Bf1 Ke4 65. Ba6 Kf4 66. Bf1 Ke4 67. Ke1 Kf3 68. Kd2 Kf2 69. Bh3 Kg3 70. Bf5 h3 71. Bxh3 Kxh3 72. Ke2 Kg4 73. Kd3 Kf4 74. Kd4 Bg8 75. Kd3 Ke5 76. Kc3 Ke4 77. Kb4 Ke3 78. Kc3 d5 79. Kxb3 d4+ 80. Kc2 d3+ 81. Kc3 d2 82. Kc2 Ke2 83. Kc3 d1=Q 84. Kb4 Qd6+ 85. Ka5 Bc4 86. Ka4 Qb6 87. b3 Qb5+ 88. Ka3 Qxb3#) 57. Ba4 $11 Bc2 58. Bc6 $2 {[%emt 0:00:13][%mdl 8192] [#]} (58. Bb5 $15) 58... Bd3 $2 (58... Be4 $1 59. Be8 Bxd5 60. Ba4 Kf4 61. Kh3 Ke3 62. Kxh4 Kxd4 63. Bb5 Bc4 64. Be8 Kd3 65. Kh5 Kc2 66. Kg4 Kxb2 67. Kh5 Kc3 68. Kh6 d5 69. Bg6 d4 70. Kh5 d3 71. Kg5 b2 72. Be4 b1=Q 73. Kg6 Qg1+ 74. Kf5 Qf2+ 75. Kg4 d2 76. Bf3 Be6+ 77. Kf4 d1=Q 78. Ke5 Qe3+ 79. Be4 Qd5+ 80. Kf6 Qeg5#) 59. Ba4 Bc4 $2 (59... Kf4 $11 60. Bxb3 Bf5) 60. Bc6 $1 Kf4 61. Kh3 Kg5 $2 (61... Ke4 {mates} 62. Kxh4 Bxd5 63. Be8 Kxd4 64. Kg5 Kd3 65. Kf6 Be4 66. Bh5 Kc2 67. Bg4 Kxb2 68. Bh3 Kc3 69. Ke6 d5 70. Ke5 b2 71. Kf6 b1=Q 72. Be6 Qb6 73. Ke7 d4 74. Kd7 d3 75. Bg4 Qc6+ 76. Ke7 Qc7+ 77. Kf6 Qf4+ 78. Ke6 Qxg4+ 79. Ke7 Qg5+ 80. Ke8 d2 81. Kf7 d1=Q 82. Ke8 Qgd8+ 83. Kf7 Q1d7#) 62. Kg2 $17 Kf4 $2 (62... Bd3 $17 63. Kf3 Bc4) 63. Kh3 Ke4 64. Kxh4 Bxd5 65. Ba4 Kxd4 66. Kg5 Bc4 67. Kf6 Kd3 68. Ke7 d5 69. Kd6 Kc2 0-1

[Event "SVK ECo-C Extraliga 2021-22"]
[Site "Slovakia"]
[Date "2022.06.10"]
[Round "9.4"]
[White "Chlpik, Martin"]
[Black "Pcola, Pavol"]
[Result "1-0"]
[ECO "D00"]
[WhiteElo "2225"]
[BlackElo "2379"]
[Annotator "TA"]
[PlyCount "58"]
[EventDate "2021.10.21"]
[EventType "team-tourn"]
[EventCountry "SVK"]
[SourceTitle "playchess.com"]
[Source "ChessBase"]
[SourceQuality "1"]
[TimeControl "40/5400+30:1800+30"]

1. d4 d5 2. Nc3 Nf6 3. Bf4 e6 4. e3 Be7 5. g4 h6 {[%emt 0:02:02] [#]} 6. Qf3 $146 {[%emt 0:00:33] D00: 1 d4 d5: Unusual lines.} ({Predecessor:} 6. h4 c5 7. dxc5 Nbd7 8. Bg2 Nxc5 9. g5 Nfe4 10. Nxe4 Nxe4 11. Bxe4 Qa5+ 12. c3 dxe4 13. gxh6 gxh6 {1-0 (76) Chan,K (2303)-Gago Padreny,I (2247) Chess.com INT 2021}) 6... b6 (6... c5 $14) 7. O-O-O Bb7 8. Bd3 {[%emt 0:04:43] White is better.} Na6 9. a3 {[%emt 0:03:06] Prevents Nb4.} c5 ({Black should try} 9... c6 $14) 10. h4 $1 $16 Nd7 11. Nge2 Rc8 {[%emt 0:05:20] And now ...c4 would win.} 12. Bb5 Nab8 13. Bxb8 {[%emt 0:04:36] 0x0.001b68284168dp-1022s more active pieces.} Rxb8 14. g5 Bd6 (14... a6 $14 15. Bxd7+ Qxd7) 15. Nf4 (15. e4 $1 $16 ) 15... a6 $11 16. Bd3 {[%emt 0:13:07][%cal Of4e6] Strongly threatening Nxe6!} ({Reject} 16. dxc5 bxc5 17. Ba4 Qc7 $15) (16. Bxd7+ $5 Kxd7 17. Nd3 $11) 16... Qe7 (16... hxg5 $2 17. Nxe6 $1 Qf6 18. Qxf6 (18. Nxg5 cxd4 19. exd4 Qxf3 $14) 18... gxf6 19. Ng7+ Kd8 20. h5 $16) 17. Rhg1 c4 {[%emt 0:02:04] Hoping for ...hxg5.} 18. Be2 hxg5 19. hxg5 Kd8 ({Black should play} 19... b5 $15) 20. g6 {[%emt 0:00:43] [#]} (20. e4 $11 {remains equal.}) 20... f5 $1 $17 21. Rh1 Rxh1 22. Rxh1 {[%emt 0:00:04][%cal Bd1h1,Bh1h7,Bh7g7,Bg7f7,Bf7f6][%mdl 32] [#]} Qf6 (22... Nf6 $1 $17) 23. Rh7 $1 $36 {[%emt 0:02:12][%mdl 2048] White has good play.} Nf8 24. Nh5 {[%emt 0:00:33][%csl LRf6,LRg7] Pair of Knights!} Qxg6 25. Rxg7 Qh6 26. Qg2 {[%emt 0:04:27] Rf7 is the strong threat.} Bc6 27. Rf7 {[%emt 0:03:07] aiming for Rf6.} Be8 $2 (27... Rb7 $11 {and Black has nothing to worry.} 28. Rxb7 Bxb7) 28. Rf6 $18 Qh8 29. Ng7 Kd7 {[%emt 0:01:32] Weighted Error Value: White=0.18 (very precise) /Black=0.45} 1-0

[Event "SVK ECo-C Extraliga 2021-22"]
[Site "Slovakia"]
[Date "2022.06.10"]
[Round "9.4"]
[White "Gasa, Patrik"]
[Black "Stohl, Igor"]
[Result "1/2-1/2"]
[ECO "E17"]
[WhiteElo "2178"]
[BlackElo "2452"]
[Annotator "TA"]
[PlyCount "34"]
[EventDate "2021.10.21"]
[EventType "team-tourn"]
[EventCountry "SVK"]
[SourceTitle "playchess.com"]
[Source "ChessBase"]
[SourceQuality "1"]
[TimeControl "40/5400+30:1800+30"]

1. d4 Nf6 2. Nf3 e6 3. g3 b6 4. Bg2 Bb7 5. O-O c5 6. e3 d5 7. b3 Nbd7 8. Bb2 Be7 9. Nbd2 O-O 10. c4 dxc4 11. Nxc4 Rc8 12. Rc1 b5 13. Nce5 Nxe5 14. Nxe5 {[%emt 0:00:32] [#] E17: Queen's Indian: 4 g3 Bb7 5 Bg2 Be7.} Qb6 $146 ({Predecessor:} 14... Bxg2 15. Kxg2 Qd5+ 16. Qf3 c4 17. bxc4 bxc4 18. Rc2 Rc7 19. Re1 Ne4 20. Nxc4 Rxc4 21. Rxc4 Qxc4 22. Qxe4 Qxa2 {½-½ (91) Nakamura,H (2736)-Oparin,G (2650) Chess.com INT 2020}) 15. dxc5 Bxc5 16. Bxb7 Qxb7 17. Qf3 Qxf3 {[%emt 0:02:04] An even fight not without its subleties.  Weighted Error Value: White=0.05 (flawless) /Black=0.07 (flawless)} 1/2-1/2

[Event "SVK ECo-C Extraliga 2021-22"]
[Site "Slovakia"]
[Date "2022.06.10"]
[Round "9.5"]
[White "Nagy, Gabor"]
[Black "Istona, Martin"]
[Result "1-0"]
[ECO "E51"]
[WhiteElo "2503"]
[BlackElo "2216"]
[Annotator "TA"]
[PlyCount "47"]
[EventDate "2021.10.21"]
[EventType "team-tourn"]
[EventCountry "SVK"]
[SourceTitle "playchess.com"]
[Source "ChessBase"]
[SourceQuality "1"]
[TimeControl "40/5400+30:1800+30"]

1. d4 Nf6 2. c4 e6 3. Nc3 d5 4. Nf3 Bb4 5. e3 O-O 6. Bd2 b6 7. cxd5 exd5 8. Rc1 {[%emt 0:00:28] E51: Nimzo-Indian: Rubinstein: 4...0-0 5 Nf3 d5.} a6 9. Bd3 Bb7 10. O-O {[%emt 0:00:41] The position is equal.} Nbd7 11. Ne5 Nxe5 12. dxe5 Nd7 13. Qc2 $36 {[%emt 0:13:46][%mdl 2048] [#] White is pushing.} (13. Qh5 g6 14. Qh3 Nxe5 $17) 13... g6 $146 ({Predecessor:} 13... Nxe5 14. Bxh7+ Kh8 15. f4 g6 16. fxe5 Kxh7 17. Ne4 Bxd2 18. Nf6+ Kg7 19. Qxd2 Qe7 {0-1 (54) Heinola,V (2278)-Agopov,M (2444) Helsinki 2022}) 14. f4 Re8 15. Be1 Bf8 16. Rd1 Qe7 17. e4 {[%emt 0:01:41][%cal Be3e4,Be4d5][%mdl 32] White is more active.} d4 (17... c6 $16) 18. Nd5 $18 Bxd5 19. exd5 Qc5 20. Bf2 Rad8 21. Qb3 b5 22. Bb1 Nb6 23. Be4 (23. Rxd4 $6 Rxd5 24. Re4 Qc6 $16) ({But not} 23. Bxd4 $6 Qxd5 24. Qc2 Qc4 $14) 23... Nxd5 (23... Qb4 $142) 24. Rc1 {[%emt 0:00:32][%mdl 64] Deflection.  Weighted Error Value: White=0.07 (flawless) /Black=0.23 (precise)} ({Much less strong is} 24. Rxd4 $6 c6 25. Rxd5 cxd5 $18) ({Not} 24. Bxd4 Qc4 $14) 1-0

[Event "SVK ECo-C Extraliga 2021-22"]
[Site "Slovakia"]
[Date "2022.06.10"]
[Round "9.5"]
[White "Varga, Zoltan"]
[Black "Mikes, Jan"]
[Result "1/2-1/2"]
[ECO "E81"]
[WhiteElo "2390"]
[BlackElo "2349"]
[Annotator "TA"]
[PlyCount "86"]
[EventDate "2021.10.21"]
[EventType "team-tourn"]
[EventCountry "SVK"]
[SourceTitle "playchess.com"]
[Source "ChessBase"]
[SourceQuality "1"]
[TimeControl "40/5400+30:1800+30"]

1. c4 Nf6 2. d4 g6 3. Nc3 Bg7 4. e4 d6 5. f3 O-O 6. Be3 c5 7. dxc5 dxc5 8. Qxd8 Rxd8 9. Bxc5 Nc6 10. Nd5 e6 {[%emt 0:08:15] E81: King's Indian: Sämisch: 6th move deviations (including 6 Be3 c6).} 11. Ne7+ Nxe7 12. Bxe7 Rd7 {[%emt 0:00:53] White has an edge.} 13. Ba3 b6 14. Nh3 Ba6 {[%emt 0:03:31] [#]} 15. c5 $146 ({Predecessor:} 15. e5 Ne8 16. f4 f6 17. Rd1 Rxd1+ 18. Kxd1 fxe5 19. Kc2 Rc8 20. Kb3 Nf6 21. Bd3 {0-1 (38) Karpov,A (2651)-Nakamura,H (2704) Cap d'Agde 2008}) 15... Bxf1 16. Rxf1 bxc5 (16... b5 $11) 17. Ke2 (17. Bxc5 $14 Rb8 18. Rb1) 17... Rb7 $11 18. Rac1 Nd7 19. Rc2 Bd4 20. Rd1 e5 21. Nf2 f5 22. exf5 gxf5 23. Nd3 Rb5 24. b4 c4 {[%emt 0:08:22] [#]} ({Resist} 24... cxb4 25. Nxb4 Re8 26. Nc6 $14) (24... Nf6 $11 {feels stronger.}) 25. Nf4 a5 26. Ne6 $1 {[%emt 0:04:03] Threatens to win with Nc7.} axb4 27. Nc7 $1 Rab8 (27... Rxa3 $2 28. Nxb5 Re3+ 29. Kf1 $18) (27... Rbb8 $14 28. Bxb4 Ra7) 28. Nxb5 $16 Rxb5 29. Rb1 $1 b3 30. axb3 cxb3 (30... Rxb3 $2 31. Rxb3 cxb3 32. Rc7 $18) 31. Rc8+ ({White should play} 31. Rc4) 31... Kf7 32. Kd3 (32. Rc7 $142 Ke6 33. Rc6+ Kf7 34. Kd3) 32... b2 (32... Rb7 $16) 33. Kc2 $18 Nb6 34. Rc7+ Ke6 {[#]} 35. Bxb2 (35. Re7+ $1 $18 {and the rest is easy.} Kd5 36. Bxb2) 35... Nd5 $16 36. Rc6+ ({Much worse is} 36. Rxh7 Ne3+ 37. Kd3 (37. Kc1 Rc5+ 38. Kd2 Nc4+ 39. Ke2 Nxb2 $17) 37... Rb3+ 38. Ke2 Nxg2 $11) 36... Kd7 {[%emt 0:00:05] [#]} 37. Bxd4 $1 Kxc6 38. Rxb5 Kxb5 39. Bxe5 {[%emt 0:00:04] KB-KN} Ne3+ {[%emt 0:00:35] [#]} 40. Kd3 ({Better is} 40. Kc3 $1 $16) 40... Nxg2 $11 {[%emt 0:00:49] The position is equal.} 41. Kd4 Nh4 42. Bg3 Nxf3+ 43. Ke3 Nxh2 {[%emt 0:00:05] Weighted Error Value: White=0.15 (very precise) /Black=0.16 (very precise)} 1/2-1/2

[Event "SVK ECo-C Extraliga 2021-22"]
[Site "Slovakia"]
[Date "2022.06.10"]
[Round "9.5"]
[White "Manik, Mikulas"]
[Black "Hros, Roman"]
[Result "1-0"]
[ECO "B34"]
[WhiteElo "2376"]
[BlackElo "2246"]
[Annotator "TA"]
[PlyCount "55"]
[EventDate "2021.10.21"]
[EventType "team-tourn"]
[EventCountry "SVK"]
[SourceTitle "playchess.com"]
[Source "ChessBase"]
[SourceQuality "1"]
[TimeControl "40/5400+30:1800+30"]

1. e4 c5 2. Nf3 Nc6 3. Nc3 g6 4. d4 cxd4 5. Nxd4 Bg7 6. Be3 Nf6 7. Nxc6 bxc6 8. e5 Ng8 9. f4 f6 10. Bd4 Qa5 11. Qd2 $1 {[%emt 0:00:18][%mdl 4] now scores much better than the old 11.Qe2.} fxe5 {[%emt 0:04:48] B34: Sicilian: Accelerated Dragon with 5 Nc3: sidelines.} 12. fxe5 Rb8 13. Bc4 Bxe5 {[%emt 0:27:03] [#]} (13... Rxb2 $11 {remains equal.} 14. Ne4 Qxd2+ 15. Kxd2 Rb4) 14. Qg5 (14. O-O-O $1 $16) 14... d6 (14... Rb5 $1 $11 15. O-O-O Bf6) 15. Bxe5 $16 Qxe5+ 16. Qxe5 dxe5 17. O-O-O $36 {[%emt 0:02:59][%mdl 2048] Keeping Black busy.} Nf6 18. Rhe1 {[%emt 0:02:47][%mdl 1024] [#] White has strong compensation.} Rb4 $146 ({Predecessor:} 18... Nd7 19. Be6 Rf8 20. Ne4 Nf6 21. Nc5 Rb5 22. b4 Rxc5 23. Bxc8 Rb5 24. a3 a5 {1-0 (37) Ekdyshman,M (2369)-Seidl,S (2209) Pardubice 2014}) 19. b3 Nd7 20. a3 Rb7 21. Be6 Rf8 22. Ne4 {[%emt 0:01:24] Prevents Rf6.} h6 23. Rd3 {[%emt 0:07:50] aiming for Red1. 0x0.001e62eb5d16dp-1022s more active pieces.} Rf4 {[%emt 0:01:10] Black cannot hold the game after this.} (23... Rc7 $16) 24. g3 $18 Rf8 (24... Rxe4 25. Rxe4 Nc5 26. Bxc8 Rc7 27. Bd7+ (27. Rxe5 Nxd3+ 28. cxd3 Rxc8 $14) 27... Nxd7) 25. Red1 {[%emt 0:00:12] White is clearly winning.} c5 (25... Rf6 $142) 26. Nxc5 {[%emt 0:00:36][%mdl 64] [#] Pin} Rc7 27. Bxd7+ Bxd7 28. Rxd7 {[%emt 0:00:13] Weighted Error Value: White=0.20 (precise) /Black=0.61} 1-0